 Dungeon Crawl Stone Soup version 0.29.1 (webtiles) character file.

Game seed: 12745921701711929970

63 Sanktem7 the Trooper (level 3, -5/35 HPs)
             Began as a Minotaur Berserker on Sept 14, 2022.
             Was a Believer of Trog.
             Slain by Duvessa
             ... wielding a +3 short sword
              (9 damage)
             ... on level 4 of the Dungeon.
             The game lasted 00:05:09 (2699 turns).

Sanktem7 the Trooper (Minotaur Berserker)           Turns: 2699, Time: 00:05:09

Health: -5/35      AC:  6    Str: 23    XL:     3   Next: 87%
Magic:  2/2        EV: 10    Int: 10    God:    Trog [**....]
Gold:   121        SH:  0    Dex:  9    Spells: 2/2 levels left

rFire   . . .      SeeInvis .   a - +2 hand axe {axe}
rCold   . . .      Faith    .   (no shield)
rNeg    . . .      Spirit   .   q - +0 scale mail
rPois   .          Reflect  .   (helmet restricted)
rElec   .          Harm     .   (no cloak)
rCorr   .          Rampage  .   (no gloves)
Will    .....                   (no boots)
Stlth   ..........              (no amulet)
HPRegen 0.11/turn               b - +6 ring of intelligence
MPRegen 0.08/turn               i - ring of flight

@: flying
A: horns 2, retaliatory headbutt
a: Renounce Religion, Berserk, Trog's Hand


You were on level 4 of the Dungeon.
You worshipped Trog.
Trog was pleased with you.
You visited 1 branch of the dungeon, and saw 4 of its levels.

You collected 121 gold pieces.


Innate Abilities, Weirdness & Mutations

You have a pair of horns on your head.
You reflexively headbutt those who attack you in melee.


   Skills:
 * Level 4.8 Fighting
 * Level 4.8 Axes
 - Level 2.4 Armour
 - Level 2.1 Dodging


You had 2 spell levels left.
You didn't know any spells.
Your spell library was empty.

Inventory:

Hand Weapons
 a - a +2 hand axe (weapon) {axe}
Missiles
 d - 3 boomerangs {throwing}
 g - 18 stones {throwing}
 h - 6 poisoned darts (quivered) {throwing}
Armour
 f - a +0 robe
   (You found it on level 3 of the Dungeon)
 q - a +0 scale mail (worn)
   (You found it on level 3 of the Dungeon)
 s - a +0 leather armour
   (You found it on level 3 of the Dungeon)
Jewellery
 b - a +6 ring of intelligence (left hand)
   (You found it on level 2 of the Dungeon)
 i - a ring of flight (right hand)
   (You found it on level 2 of the Dungeon)
Scrolls
 e - 2 scrolls of amnesia
 k - a scroll of identify {@r1}
 n - a scroll of noise {unknown}
 o - a scroll of blinking {unknown}
 p - a scroll of summoning {unknown}
 r - 2 scrolls of torment {unknown}
Potions
 c - 2 potions of degeneration {unknown}
 j - a potion of curing {@q1}
 l - a potion of brilliance {unknown}
 m - a potion of attraction {unknown}

Dungeon Overview and Level Annotations

Branches:
Dungeon (4/15) Zot: 21292
 Temple: D:4-7

Altars:

Annotations:
D:4 Dowan, Duvessa

#.... #...e #
#...#.#
#..ยง#.#.#
#.....).# #.#
#.# #### #e#
..# #@# #.# #.#
####.######.#
#...........#
....##<########
. #.# #.......#
#########


You could see Duvessa and Dowan.


Message History

A bat is nearby!
You closely miss the bat. Your headbutt misses the bat.
The bat barely misses you. The bat hits you but does no damage.
You barely miss the bat. The bat closely misses you.
The bat completely misses you.
You miss the bat. The bat hits you. ๐Ÿ˜• HP[-1]
You take 1 damage, and now have 32/34 hp.
You hit the bat. Your headbutt misses the bat.
The bat closely misses you. ๐Ÿ˜• HP[+1]
The bat hits you but does no damage.
You closely miss the bat. You headbutt the bat.
You kill the bat!
Trog accepts your kill.
No target in view!
No target in view!
o - a scroll labelled UDOTHR ILOSCHA ๐Ÿ˜Ž HP[+1]
Your hp is fully restored (34).
You now have 107 gold pieces (gained 10).
You now have 121 gold pieces (gained 14).
You see here a +0 club {mace}.
Key pressed, stopping explore.
s - a +0 leather armour Done exploring.
Done exploring.
There is a stone staircase leading down here.
You fly downwards.
You hear the hiss of flowing sand.
There is an entrance to an ossuary on this level.
Hurry and find it before the portal is buried!
There is a stone staircase leading up here.
There is a stone staircase leading up here.
An adder comes into view.
The adder hisses angrily.
You barely miss the adder. Your headbutt misses the adder.
The adder bites you but does no damage.
You barely miss the adder. The adder bites you but does no damage.
You closely miss the adder. You headbutt the adder!
You kill the adder!
Trog accepts your kill. ๐Ÿ˜Ž HP[+1]
You now have 35 max hp (+1).
Your hp is fully restored (35).
r - 2 scrolls labelled MUWNYCYT EHOPS (gained 1) Dowan, Brother of Duvessa comes into view.
He is wielding a +0 dagger.
Dowan shouts!
Dowan is nearby!
Dowan is nearby!
You barely miss Dowan. Your headbutt misses Dowan. Dowan barely misses you.
You barely miss Dowan. Your headbutt misses Dowan.
Dowan hits you but does no damage.
Duvessa, Sister of Dowan comes into view.
She is wielding a +3 short sword.
Duvessa shouts!
You hit Dowan.
Dowan hits you with a +0 dagger. ๐Ÿ˜• HP[-1]
You take 1 damage, and now have 34/35 hp.
You closely miss Dowan. You headbutt Dowan.
Dowan gestures at you while chanting. The puff of flame hits you. ๐Ÿ˜• HP[-2]
You take 2 damage, and now have 32/35 hp.
You slash Dowan! You headbutt Dowan.
Dowan casts a spell.
Dowan blinks! ๐Ÿ˜• HP[+1] Dowan gestures wildly while chanting.
Dowan blinks!
Duvessa says, "Did you see that move?
Perfect!"
You hit Duvessa but do no damage. Your headbutt misses Duvessa.
Duvessa hits you with a +3 short sword! ๐Ÿ˜ฎ HP[-9]
You take 9 damage, and now have 24/35 hp.
MASSIVE DAMAGE!! (PAUSE)
You hit Duvessa but do no damage. Duvessa hits you with a +3 short sword!
* * * LOW HITPOINT WARNING * * *
๐Ÿ˜จ HP[-8]
You take 8 damage, and now have 16/35 hp.
MASSIVE DAMAGE!! (PAUSE) Dowan says, "Magic and the sword, together, will defeat you."
Duvessa attacks as you move away! Duvessa hits you with a +3 short sword!
* * * LOW HITPOINT WARNING * * *
๐Ÿ˜ฑ HP[-8]
You take 8 damage, and now have 8/35 hp.
MASSIVE DAMAGE!! (PAUSE)
You barely miss Duvessa.
Dowan drinks a potion.
Dowan is healed!
Duvessa hits you with a +3 short sword.
* * * LOW HITPOINT WARNING * * *
๐Ÿ˜ฑ HP[-2]
You take 2 damage, and now have 6/35 hp.
You barely miss Duvessa. Duvessa hits you with a +3 short sword.
* * * LOW HITPOINT WARNING * * *
๐Ÿ˜ฑ HP[-3]
You take 3 damage, and now have 3/35 hp.
You slash Duvessa!
Dowan casts a spell.
Dowan blinks!
Duvessa completely misses you. You furiously retaliate!
You headbutt Duvessa! ๐Ÿ˜ฑ HP[+1]
You closely miss Duvessa. Duvessa hits you with a +3 short sword!
You die...

Skill      XL: |  1 |
---------------+----+-----
Fighting       | 4 |  4.8
Axes           | 4 |  4.8
Armour         | |  2.4
Dodging        | |  2.1

Action                   || total
-------------------------++-------
Melee: Hand axe          ||   106
       Headbutt          ||    17
  Use: Scroll            ||     6
Armor: Ring mail         ||    29
       Scale mail        ||    12
Dodge: Dodged            ||    58

Levels and vault maps discovered:
D:1:      lightli_arrival_statuegarden, layout_loops_corners
D:2:      layout_basic, basic_ecumenical_altar
D:3:      layout_rooms
D:4:      layout_loops_cross, enter_ossuary_2, gammafunk_ghost_nasty_kobolds,
          uniq_duvessa

Notes
Turn   | Place    | Note
-------+----------+-------------------------------------------
     0 | D:1      | Sanktem7 the Minotaur Berserker began the quest for the
                  | Orb.
     0 | D:1      | Reached XP level 1. HP: 19/19 MP: 0/0
     0 | D:1      | magus.rc [v1.9.6]
   797 | D:2      | Reached skill level 4 in Fighting
   797 | D:2      | Reached skill level 4 in Axes
   799 | D:2      | Reached XP level 2. HP: 21/27 MP: 1/1
  1040 | D:2      | Found a faded altar of an unknown god.
  1313 | D:2      | Reached XP level 3. HP: 29/34 MP: 2/2
  1949 | D:3      | Reached ** piety under Trog
  2106 | D:3      | HP: 6/34 [orc/+0 trident (8)]
  2158 | D:3      | HP: 8/34 [orc/+0 trident (4)]
  2450 | D:3      | magus.rc [v1.9.6]
  2681 | D:4      | Noticed Dowan
  2686 | D:4      | Noticed Duvessa
  2695 | D:4      | HP: 8/35 [Duvessa/+3 short sword (8)]
  2697 | D:4      | HP: 3/35 [Duvessa/+3 short sword (3)]
  2699 | D:4      | Slain by Duvessa

Vanquished Creatures
  An adder (D:4)
  A worm (D:2)
  A dart slug (D:2)
  An orc (D:3)
  5 endoplasms
  A giant cockroach (D:1)
  4 goblins
  5 hobgoblins
  6 kobolds
  2 quokkas (D:2)
  3 ball pythons
  8 bats
  4 frilled lizards
  3 rats
45 creatures vanquished.

Table legend:
 A = Non-vault XP
 B = Vault XP
 C = Vault XP percentage of total XP
 D = Non-vault monster count
 E = Vault monster count
 F = Vault count percentage of total count
                 A         B        C        D         E       F
            +---------+---------+-------+---------+---------+-------
      Total |      90 |       0 |   0.0 |      45 |       0 |   0.0
            +---------+---------+-------+---------+---------+-------
        D:1 |       7 |       0 |   0.0 |       5 |       0 |   0.0
        D:2 |      45 |       0 |   0.0 |      24 |       0 |   0.0
        D:3 |      25 |       0 |   0.0 |      15 |       0 |   0.0
        D:4 |      13 |       0 |   0.0 |       1 |       0 |   0.0
            +---------+---------+-------+---------+---------+-------

Illustrated notes

Table legend:
 A = Kills in this place as a percentage of kills in entire the game.
 B = Kills by you in this place as a percentage of kills by you in the entire game.
 C = Kills by friends in this place as a percentage of kills by friends in the entire game.
 D = Other kills in this place as a percentage of other kills in the entire game.
 E = Experience gained in this place as a percentage of experience gained in the entire game.
 F = Experience gained in this place divided by the number of levels of this place that you have seen.
                   A       B       C       D       E      F
               +-------+-------+-------+-------+-------+----------------------
         Total | 100.0 | 100.0 |   N/A |   N/A | 100.0 |  22.5
       Dungeon | 100.0 | 100.0 |   N/A |   N/A | 100.0 |  22.5
               +-------+-------+-------+-------+-------+----------------------

Table legend: (Time is in decaauts)
 A = Elapsed time spent in this place.
 B = Non-inter-level travel time spent in this place.
 C = Inter-level travel time spent in this place.
 D = Time resting spent in this place.
 E = Time spent auto-exploring this place.
 F = Levels seen in this place.
 G = Mean time per level.
                   A        B        C        D        E       F      G
               +--------+--------+--------+--------+--------+-----+--------+
         Total |   2706 |   2636 |     70 |    317 |   1946 |   4 |  676.5 |
       Dungeon |   2706 |   2636 |     70 |    317 |   1946 |   4 |  676.5 |
               +--------+--------+--------+--------+--------+-----+--------+

Top non-repeatable levels by time:
     D:2: 1010 daAuts
     D:3: 872 daAuts
     D:1: 786 daAuts
     D:4: 36 daAuts
